 Dungeon Crawl Stone Soup version 0.19.4-8-ga85b6b9 (webtiles) character file.

149 Jonyez the Covered (level 5, -14/47 HPs)
             Began as a Minotaur Fighter on Feb 9, 2017.
             Demolished by an ogre
             ... wielding a +0 giant spiked club
              (27 damage)
             ... on level 4 of the Dungeon.
             The game lasted 00:12:43 (1264 turns).

Jonyez the Covered (Minotaur Fighter)               Turns: 1264, Time: 00:12:46

Health: -14/47     AC:  7    Str: 22    XL:     5   Next: 9%
Magic:  4/4        EV:  7    Int:  5    God:
Gold:   98         SH:  9    Dex:  9    Spells: 0 memorised, 4 levels left

rFire  . . .     SeeInvis .     a - +0 long sword
rCold  . . .     Gourm    .     b - +0 scale mail
rNeg   . . .     Faith    .     c - +0 shield
rPois  .         Spirit   .     (helmet restricted)
rElec  .         Reflect  .     (no cloak)
rCorr  .         Harm     .     (no gloves)
MR     .....                    (no boots)
Stlth  ..........               (no amulet)
                                (no ring)
                                (no ring)

@: lethally poisoned (-14 -> -16)
A: retaliatory headbutt, horns 2
a: no special abilities


You were on level 4 of the Dungeon.
You were near starving.

You visited 1 branch of the dungeon, and saw 4 of its levels.

You collected 98 gold pieces.

Inventory:

Hand Weapons
 a - a +0 long sword (weapon)
 e - a +0 hand axe
 h - a +0 hunting sling
 l - a +0 short sword
 r - a +0 giant spiked club
 v - a cursed -2 mace
Missiles
 m - 25 arrows
 p - 60 stones (quivered)
Armour
 b - a +0 scale mail (worn)
 c - a +0 shield (worn)
 i - a +0 ring mail
 n - a +0 robe
 q - a +0 ring mail
Rods
 u - a +1 rod of inaccuracy (12/12)
   (You found it on level 4 of the Dungeon)
Wands
 s - a wand of teleportation (4/9)
Scrolls
 g - a scroll of remove curse
 k - a scroll of recharging {unknown}
Potions
 d - 2 potions of might
 j - a potion of flight {unknown}
 t - a potion of lignification {unknown}
 w - a potion of berserk rage {unknown}
Comestibles
 f - 3 bread rations
 o - a slice of pizza


   Skills:
 + Level 4.6 Fighting
 + Level 3.7 Long Blades
 + Level 4.7 Armour
 + Level 4.7 Shields


You had 4 spell levels left.
You didn't know any spells.

Dungeon Overview and Level Annotations

Branches:
Dungeon (4/15)
 Temple: D:4-7

Altars:

Shops:
D:4 }


Innate Abilities, Weirdness & Mutations

You reflexively headbutt those who attack you in melee.
You have a pair of horns on your head.


Message History

You miss the adder. The hound bites you but does no damage.
The adder bites you.
You are poisoned.
The adder poisons you! The hound bites you but does no damage.
You block the adder's attack. The hound bites you.
Your shield prevents you from hitting the adder.
You feel sick. You block the adder's attack. You block the hound's attack.
The ogre hits you with a giant spiked club!!
* * * LOW HITPOINT WARNING * * *
The adder bites you but does no damage. You block the hound's attack.
You closely miss the adder. The adder bites you but does no damage.
You block the hound's attack. You block the ogre's attack.
The adder closely misses you.
Your shield prevents you from hitting the adder.
Your headbutt misses the adder.
You feel sick. You block the hound's attack.
The hound bites you but does no damage. The adder bites you but does no damage.
The orc barely misses you.
The ogre hits you with a giant spiked club!!
Ouch! That really hurt!
You die...

### #..............
########..............
.......#..............
.#.#.#...............∩
................########
)#.#.#.#................
.......#................
.#.#.#.########.h.......
.......# #....@.....##
......## #...OSo....#
........ #.....o....#
......## #..........#
####### #..........#
#..........#
#..........#
#........o..


You could see an ogre, a hound, an adder and 3 orcs.

Vanquished Creatures
  An ogre (D:4)
  3 adders
  An ooze (D:4)
  2 leopard geckos
  An orc (D:3)
  2 giant cockroaches
  4 goblins
  2 hobgoblins (D:2)
  A ball python skeleton (D:4)
  6 bats
  3 frilled lizards (D:1)
  5 kobolds
  2 rats
  3 plants (D:2)
36 creatures vanquished.

Notes
Turn   | Place    | Note
-------+----------+-------------------------------------------
     0 | D:1      | Jonyez the Minotaur Fighter began the quest for the Orb.
     0 | D:1      | Reached XP level 1. HP: 19/19 MP: 0/0
   130 | D:1      | Reached XP level 2. HP: 20/27 MP: 1/1
   495 | D:2      | Found a faded altar of an unknown god.
   550 | D:2      | Reached XP level 3. HP: 30/33 MP: 2/2
   960 | D:3      | Noticed a phantom
  1019 | D:4      | Noticed an ogre
  1024 | D:4      | Killed an ogre
  1024 | D:4      | Reached XP level 4. HP: 23/41 MP: 3/3
  1068 | D:4      | Reached XP level 5. HP: 32/47 MP: 4/4
  1252 | D:4      | Found Bisojies's Gadget Shoppe.
  1258 | D:4      | Noticed an ogre
  1264 | D:4      | Demolished by an ogre

Skill      XL: |  1  2  3 |
---------------+----------+-----
Fighting       | 4 |  4.6
Armour         | 4 |  4.7
Shields        | 4 |  4.7
Long Blades    | 3 |  3.7

Action                   |  1- 3 |  4- 6 || total
-------------------------+-------+-------++-------
Melee: Long sword        |   131 |    10 ||   141
       Headbutt          |    40 |       ||    40
       Hunting sling     |    46 |       ||    46
  Use: Scroll            |     1 |       ||     1
Armor: Scale mail        |    99 |    15 ||   114
Dodge: Dodged            |    55 |     5 ||    60
Block: Shield            |    90 |    17 ||   107
       Rpst.: Long sword |     6 |     1 ||     7
